Map: Automaton LE

Players

Beastyqt - Winner!

  • Race: Protoss Protoss
  • League: Grandmaster
  • Spawn Location: 3:00

HiGhDrA

  • Race: Protoss Protoss
  • League: Master
  • Spawn Location: 9:00

VOD

https://www.youtube.com/watch?v=rYCbGBjNtAc&feature=youtu.be

Description

Time

  • Played on: March 25, 2019, 2:22 p.m.
  • Length: 4:44
Show
View Real Time Build Order
Export as new Build Order

Beastyqt Protoss - Winner!

Build Orders: Oracle Opening 

Get SALT Encoding   

  12  0:01  Probe  
  13  0:13  Probe  
  14  0:18  Pylon  
  14  0:25  Probe  
  15  0:33  Probe  
  15  0:40  Gateway  
  15  0:41  Probe  
  16  0:47  Assimilator  
  17  0:52  Assimilator  
  17  0:56  Probe  
  18  1:05  Probe  
  19  1:12  Gateway  
  19  1:13  Probe  
  20  1:27  Cybernetics Core  
  20  1:32  Probe  
  21  1:41  Pylon  
  21  1:45  Probe  
  22  1:57  Probe  
  23  2:06  Stalker, Sentry  
  27  2:14  Stargate  
  27  2:16  Probe  
  27  2:20  Warp Gate  
  29  2:30  Pylon, Probe  
  29  2:48  Stalker  
  29  2:49  Oracle  
  33  3:04  Pylon  
  34  3:05  Stalker  
  36  3:15  Gateway  
  36  3:21  Gateway  
  36  3:25  Oracle  
  39  3:47  Pylon  
  36  3:51  Shield Battery  
  36  3:55  Pylon  
  36  4:01  Pylon  
  36  4:08  Stalker  
  36  4:09  Stalker  
  40  4:15  Stalker  
  42  4:25  Stalker  
  44  4:32  Stalker  
Show
View Real Time Build Order
Export as new Build Order

HiGhDrA Protoss 

Build Orders:  

Get SALT Encoding   

  12  0:01  Probe  
  13  0:13  Probe  
  14  0:18  Pylon  
  14  0:24  Probe  
  15  0:32  Probe  
  15  0:39  Gateway  
  15  0:40  Probe  
  16  0:48  Assimilator  
  17  0:51  Probe  
  18  1:00  Assimilator  
  18  1:03  Probe  
  19  1:10  Gateway  
  19  1:15  Probe  
  20  1:28  Cybernetics Core, Probe  
  21  1:35  Pylon  
  21  1:40  Probe  
  22  1:52  Probe  
  23  2:04  Warp Gate, Probe, Stalker, Sentry  
  28  2:14  Pylon  
  28  2:23  Probe  
  28  2:28  Pylon  
  29  2:45  Nexus  
  29  2:55  Robotics Facility  
  29  2:58  Probe  
  29  3:05  Forge  
  30  3:12  Probe  
  31  3:18  Pylon  
  31  3:25  Probe  
  32  3:31  Shield Battery  
  30  3:34  Probe  
  23  3:42  Probe  
  23  3:52  Probe  
  23  3:53  Stalker  
  26  3:56  Stalker  
  26  3:59  Probe  
  29  4:04  Probe  
  31  4:22  Probe x2  
  33  4:29  Stalker  
Tags
 
Add a new tag
Caveats
  • Supply blocks, unpowered buildings, or Contaminate may cause inaccurate times.
  • Supply counts are checked every 10 seconds.